 Dungeon Crawl Stone Soup version 0.27-a0-1191-g601b473118 (webtiles) character file.

Game seed: 4347708472862700446

65484 tilp the Spear-Bearer (level 15, -9/117 HPs)
             Began as a Barachi Summoner on May 23, 2021.
             Was the Champion of Okawaru.
             Shot with an arrow by a centaur warrior (20 damage)
             ... on level 14 of the Dungeon.
             The game lasted 01:07:18 (39464 turns).

tilp the Spear-Bearer (Barachi Summoner)           Turns: 39464, Time: 01:07:18

Health: -9/117     AC: 22    Str: 15    XL:     15   Next: 16%
Magic:  11/27      EV: 16    Int: 16    God:    Okawaru [******]
Gold:   1857       SH:  0    Dex: 13    Spells: 13/30 levels left

rFire    + . .     SeeInvis +   a - +5 glaive (flame)
rCold    . . .     Faith    +   (shield currently unavailable)
rNeg     . . .     Spirit   .   Z - +4 ring mail {Will+}
rPois    +         Reflect  .   y - +2 helmet {SInv}
rElec    .         Harm     .   G - +2 cloak {Will+}
rCorr    .         Rampage  .   X - +1 pair of gloves
Will     +++..                  j - +2 pair of boots
Stlth    +++.......             Q - amulet of faith
HPRegen  0.29/turn              F - ring of poison resistance
MPRegen  0.20/turn              C - ring of protection from fire

@: heroic, unable to hop, hasted, very quick
A: amphibious, slowness 1, strong legs 2, +LOS
a: Hop, Renounce Religion, Heroism, Finesse


You were on level 14 of the Dungeon.
You worshipped Okawaru.
Okawaru was exalted by your worship.
You visited 4 branches of the dungeon, and saw 23 of its levels.

You collected 2710 gold pieces.
You spent 853 gold pieces at shops.

Inventory:

Hand Weapons
 a - a +5 glaive of flaming (weapon)
 b - a +5 halberd of draining
 A - a +1 bardiche of freezing
 Y - the +5 scythe "Finisher" {speed, eviscerate}
   (Okawaru gifted it to you on level 2 of the Lair of Beasts)

   Attacks with this weapon are significantly faster.
Missiles
 c - 153 poisoned darts (quivered)
 e - 16 curare-tipped darts {!f}
 i - a throwing net {!f}
 L - 7 boomerangs
Armour
 j - a +2 pair of boots (worn)
 m - a scarf of shadows
 t - +0 pearl dragon scales
 y - a +2 helmet of see invisible (worn)
 G - a +2 cloak of willpower (worn)
 X - a +1 pair of gloves (worn)
 Z - a +4 ring mail of willpower (worn)
Jewellery
 h - a ring of ice
 r - the ring of Pasmew {Will+ AC+4 Dex+6 Slay-3 SInv}
   (You took it off a deep elf pyromancer on level 13 of the Dungeon)

   [ring of protection]

   It affects your AC (+4).
   It affects your dexterity (+6).
   It affects your accuracy and damage with ranged weapons and melee attacks
   (-3).
   It lets you see invisible.
   It increases your willpower.
 w - a +6 ring of intelligence
 C - a ring of protection from fire (right hand)
 E - a ring of resist corrosion
 F - a ring of poison resistance (left hand)
 H - an amulet of regeneration
 Q - an amulet of faith (around neck)
Wands
 k - a wand of mindburst (33)
 l - a wand of flame (51)
 n - a wand of charming (32)
 z - a wand of polymorph (8)
 D - a wand of iceblast (26)
 K - a wand of paralysis (2)
Scrolls
 d - a scroll of brand weapon
 o - 5 scrolls of teleportation
 s - 2 scrolls of blinking
 B - 5 scrolls of fear
 I - 3 scrolls of magic mapping
 P - 2 scrolls of enchant armour
 S - a scroll of silence
 V - 2 scrolls of identify
 W - 2 scrolls of summoning
Potions
 f - 5 potions of brilliance
 g - 2 potions of mutation
 p - 2 potions of might
 q - 3 potions of flight
 u - 2 potions of resistance
 v - 2 potions of attraction
 x - 3 potions of curing
 J - 2 potions of cancellation
 M - a potion of ambrosia
 N - a potion of lignification
 O - 2 potions of haste
 R - 2 potions of berserk rage
 U - 3 potions of heal wounds
Miscellaneous
 T - a piece from Xom's chessboard (15/15)


   Skills:
 * Level 10.7(15.7) Fighting
 + Level 14.4(19.4) Polearms
 + Level 7.6(12.6) Dodging
 - Level 4.0(9.0) Stealth
 - Level 8.0 Spellcasting
 - Level 2.0 Hexes
 - Level 14.0 Summonings
 - Level 4.0 Ice Magic
 - Level 4.0 Air Magic
 - Level 10.0 Invocations
 - Level 4.0 Evocations


You had 13 spell levels left.
You knew the following spells:

 Your Spells              Type           Power      Damage    Failure   Level
a - Summon Small Mammal   Summ           100%       N/A       1%          1
b - Call Imp              Summ           50%        N/A       1%          2
c - Call Canine Familiar  Summ           50%        N/A       1%          3
d - Summon Guardian Gole  Hex/Summ       32%        N/A       2%          3
e - Summon Ice Beast      Ice/Summ       35%        N/A       4%          4
f - Summon Lightning Spi  Summ/Air       35%        N/A       4%          4

Your spell library contained the following spells:

 Spells                   Type           Power      Damage    Failure   Level
 Animate Skeleton         Necr           12%        N/A       21%         1
 Pain                     Necr           24%        1d5       21%         1
 Vampiric Draining        Necr           3%         2d6       52%         3
 Cause Fear               Hex            6%         N/A       65%         4
 Silence                  Hex/Air        8%         N/A       86%         5
 Animate Dead             Necr           3%         N/A       90%         4
 Yara's Violent Unravell  Hex/Tmut       4%         3d4       98%         5
 Agony                    Necr           6%         N/A       99%         5
 Bolt of Magma            Conj/Fire/Erth 3%         4d5       99%         5
 Borgnjor's Vile Clutch   Necr/Erth      3%         N/A       99%         5
 Iskenderun's Battlesphe  Conj           6%         2d6       99%         5
 Death Channel            Necr           3%         N/A       100%        6
 Iron Shot                Conj/Erth      3%         9d2       100%        6
 Simulacrum               Ice/Necr       6%         N/A       100%        6
 Orb of Destruction       Conj           3%         9d1       100%        7
 Spellforged Servitor     Conj/Summ      14%        N/A       100%        7
 Discord                  Hex            6%         N/A       100%        8


Dungeon Overview and Level Annotations

Branches:
Dungeon (14/15)            Temple (1/1) D:7            Lair (6/6) D:10
 Shoals (0/4) Lair:3       Spider (0/4) Lair:4        Slime (0/5) Lair:5
    Orc (2/2) D:12            Elf (0/3) Orc:2        Vaults (0/5) D:13

Altars:
Ashenzari
Cheibriados
Dithmenos
Elyvilon
Fedhas
Gozag
Hepliaklqana
Kikubaaqudgha
Makhleb
Nemelex Xobeh
Okawaru
Qazlal
Ru
Sif Muna
Trog
Uskayaw
Vehumet
Wu Jian
Xom
Yredelemnul
Zin
The Shining One
Beogh
Jiyva

Shops:
D:4 ?   D:8 (   D:12 =*=:*   D:13 (   Orc:2 [(!*

Annotations:
D:8 Gastronok


Innate Abilities, Weirdness & Mutations

You are amphibious.
You cover ground slowly.
You can hop long distances.
You have an extended range of vision and can be seen from far away.


Message History

Your ice beast hits the centaur warrior.
Your ice beast freezes the centaur warrior!
The centaur warrior dies!
Okawaru accepts your kill. Something appears at your feet!
You see here a +2 glaive of venom.
Okawaru grants you a weapon!
Your ice beast hits the centaur.
Your ice beast freezes the centaur.
Unknown command.
The centaur shoots an arrow.
The arrow hits your ice beast. The centaur hits your ice beast.
The centaur closely misses your ice beast.
Your ice beast hits the centaur.
Your ice beast freezes the centaur!
The centaur wields a +0 shortbow.
The centaur shoots an arrow.
The arrow hits your ice beast.
The centaur shoots an arrow.
The arrow hits your ice beast!
Your ice beast dies!
Press: ? - help, v - describe, . - travel, g - get item Item here: a +2 glaive of venom.
The floor.
Unknown command.
You feel yourself speed up.
The centaur shoots an arrow.
The arrow completely misses you.
The centaur shoots an arrow.
The arrow misses you.
The centaur shoots an arrow.
The arrow hits your ice beast.
Unknown command.
The centaur shoots an arrow.
The arrow barely misses your ice beast. The arrow hits you but does no damage.
The centaur warrior wields a +0 longbow.
The centaur warrior shoots an arrow.
The arrow closely misses you.
The centaur warrior shoots an arrow.
The arrow hits you.
The centaur unwields a +0 shortbow.
The centaur hits something.
The centaur kicks something.
The centaur warrior shoots an arrow.
The arrow closely misses you.
The centaur warrior shoots an arrow.
The arrow hits you!!
* * * LOW HITPOINT WARNING * * *
The centaur warrior shoots an arrow.
The arrow hits you!!
* * * LOW HITPOINT WARNING * * *
The centaur warrior shoots an arrow.
The arrow closely misses you.
The centaur warrior shoots an arrow.
The arrow hits you!!
You die...

#..........#
##........##
###...<....##
#...........#
#........^..#
###...........#
..............#
####..........#
##...@....##
##......##
###.####
####..###
#.......#
#.......#
#...(...#
#.......#
#.c[....##


You could see a centaur warrior.

Vanquished Creatures
  A great orb of eyes (D:13)
  2 hydras
  A boulder beetle (D:12)
  Harold (D:11)
  An ogre mage (Orc:2)
  2 catoblepae (D:13)
  11 two-headed ogres (Orc:2)
  A centaur warrior (D:13)
  A tengu warrior (D:13)
  Urug (D:10)
  Nergalle (D:10)
  Sonja (D:11)
  A skeletal warrior (D:13)
  Pikel (D:4)
  2 deep elf zephyrmancers (D:13)
  An orc knight (D:10)
  A lindwurm (Lair:6)
  2 deep elf pyromancers
  2 harpies (Lair:5)
  4 slime creatures (D:12)
  A cyclops (D:12)
  An ugly thing (D:12)
  A manticore (D:13)
  Joseph (D:10)
  2 black mambas
  5 elephants
  8 cane toads
  3 centaur skeletons (D:13)
  A gargoyle (D:13)
  2 unseen horrors
  2 efreet (D:13)
  10 komodo dragons
  2 kobold demonologists
  3 rime drakes
  A tengu conjurer (D:10)
  3 meliai
  5 polar bears
  3 trolls
  3 jumping spiders (Lair:4)
  12 blink frogs
  4 wyverns (Lair:6)
  A wraith (D:12)
  A shadow (D:13)
  4 redbacks (Lair:4)
  19 yaks
  3 vampire mosquitoes (D:10)
  A warg (Orc:2)
  Edmund (D:4)
  An acid dragon (D:12)
  A water moccasin (shapeshifter) (D:9)
  11 water moccasins
  An ice beast (D:7)
  10 orc warriors
  2 black bears (D:10)
  A necrophage (D:5)
  17 ogres
  2 centaurs (D:9)
  14 wolves
  A phantom (D:6)
  2 lemures (D:4)
  6 kobold brigands
  2 scorpions
  3 gnoll sergeants
  6 bullfrogs
  2 water moccasin skeletons
  14 killer bees
  8 wights
  3 electric eels (Lair:3)
  2 howler monkeys (D:9)
  A hound (D:7)
  A bullfrog skeleton (D:4)
  8 orc priests
  4 iguanas
  6 hell rats (Lair:1)
  8 orc wizards
  A killer bee zombie (D:7)
  2 adders
  13 gnolls
  A shadow imp (D:6)
  A white imp (D:7)
  2 nameless horrors
  2 dart slugs
  A worm (D:3)
  22 orcs
  2 ball pythons (D:4)
  2 bats (D:1)
  6 endoplasms
  2 giant cockroaches
  3 goblins
  6 hobgoblins
  6 quokkas
  26 kobolds
  3 rats
379 creatures vanquished.

Vanquished Creatures (collateral kills)
  Snorg (Orc:1)
  3 ogre magi (Orc:2)
  3 hydras
  A merfolk avatar (Lair:6)
  A centaur warrior (D:14)
  A catoblepas (D:10)
  6 two-headed ogres
  2 orc knights
  2 oklob plants (Lair:4)
  3 elephants
  7 cane toads
  A torpor snail (Lair:3)
  A centaur skeleton (D:13)
  A rime drake (Lair:6)
  A tengu conjurer (D:10)
  A freezing wraith (D:8)
  A komodo dragon (Lair:6)
  A kobold demonologist (D:12)
  A hornet (Lair:6)
  2 slime creatures (D:12)
  A polar bear (Lair:6)
  2 wind drakes (Lair:6)
  4 blink frogs
  3 dream sheep (Lair:3)
  2 redbacks (Lair:4)
  31 yaks
  Eustachio (D:4)
  3 basilisks
  A vampire mosquito (D:10)
  Menkaure (D:4)
  5 water moccasins
  2 black bears
  5 orc warriors
  14 ogres
  A necrophage (D:4)
  8 wolves
  5 kobold brigands
  3 bullfrogs
  A gnoll sergeant (D:10)
  3 scorpions
  A wyvern skeleton (D:6)
  A wight (D:9)
  7 killer bees
  A howler monkey (D:9)
  2 centaur zombies
  An orc priest (D:11)
  Crazy Yiuf (D:6)
  2 hounds
  An iguana (D:3)
  7 orc wizards
  8 gnolls
  6 adders
  A white imp (D:4)
  2 worms (D:2)
  4 dart slugs
  22 orcs
  3 bats
  4 endoplasms
  2 giant cockroaches
  4 hobgoblins
  6 jackals
  8 kobolds
  A quokka (D:4)
  5 ball pythons
  2 frilled lizards
  4 goblins
  4 rats
246 creatures vanquished.

Vanquished Creatures (others)
  Fannar (Lair:1)
  A deep elf archer (D:13)
  A cyclops (D:11)
  A tengu conjurer (D:13)
  A kobold brigand (D:9)
  92 fungi
  131 plants
228 creatures vanquished.

Grand Total: 853 creatures vanquished

Notes
Turn   | Place    | Note
-------+----------+-------------------------------------------
     0 | D:1      | tilp the Barachi Summoner began the quest for the Orb.
     0 | D:1      | Reached XP level 1. HP: 13/13 MP: 3/3
   229 | D:1      | Reached skill level 1 in Fighting
   535 | D:1      | Reached XP level 2. HP: 14/22 MP: 1/5
   640 | D:1      | Learned a level 2 spell: Call Imp
   762 | D:1      | Found a faded altar of an unknown god.
  1175 | D:1      | Reached XP level 3. HP: 22/29 MP: 2/6
  1592 | D:1      | Reached skill level 5 in Summonings
  1874 | D:2      | Found a shimmering altar of Xom.
  2026 | D:2      | Learned a level 3 spell: Call Canine Familiar
  2387 | D:2      | Reached XP level 4. HP: 35/35 MP: 8/8
  3740 | D:4      | Reached XP level 5. HP: 29/41 MP: 9/9
  3831 | D:4      | Noticed Menkaure
  3940 | D:4      | Reached XP level 6. HP: 48/48 MP: 8/10
  4027 | D:4      | Killed Menkaure
  4134 | D:4      | Noticed Eustachio
  4185 | D:4      | Killed Eustachio
  4186 | D:4      | Reached skill level 1 in Evocations
  4349 | D:4      | Noticed a necrophage
  4441 | D:4      | Noticed Pikel
  4455 | D:4      | Reached XP level 7. HP: 48/54 MP: 11/11
  4691 | D:4      | Killed Pikel
  4899 | D:4      | Found Ucoeme's Magic Scroll Shoppe.
  4912 | D:4      | Reached XP level 8. HP: 22/60 MP: 13/13
  5392 | D:4      | Noticed Edmund
  5416 | D:4      | Killed Edmund
  5846 | D:4      | Bought a scroll of identify for 24 gold pieces
  5846 | D:4      | Bought a scroll of noise for 12 gold pieces
  5846 | D:4      | Bought a scroll of blinking for 90 gold pieces
  5846 | D:4      | Bought a scroll of identify for 24 gold pieces
  5859 | D:5      | Entered Level 5 of the Dungeon
  6040 | D:5      | Reached skill level 5 in Fighting
  6458 | D:5      | Learned a level 3 spell: Summon Guardian Golem
  7821 | D:6      | Found a runed translucent door.
  7822 | D:6      | Noticed Crazy Yiuf
  8009 | D:6      | Noticed a yak
  8009 | D:6      | Noticed a yak
  8009 | D:6      | Noticed a yak
  8009 | D:6      | Noticed a yak
  8009 | D:6      | Noticed a yak
  8027 | D:6      | Killed a yak
  8028 | D:6      | Reached XP level 9. HP: 50/69 MP: 15/15
  8136 | D:6      | Reached skill level 10 in Summonings
  8498 | D:6      | Killed Crazy Yiuf
  8587 | D:4      | Bought a scroll of magic mapping for 42 gold pieces
  8587 | D:4      | Bought a scroll of enchant armour for 90 gold pieces
  8723 | D:7      | Reached skill level 5 in Dodging
  8862 | D:7      | Found a staircase to the Ecumenical Temple.
  8932 | Temple   | Entered the Ecumenical Temple
  9026 | Temple   | Became a worshipper of Warmaster Okawaru
 10630 | D:8      | Noticed Gastronok
 10764 | D:8      | Found Beutich's Antique Weapon Shop.
 10846 | D:8      | Reached skill level 1 in Hexes
 11941 | D:9      | Reached skill level 1 in Invocations
 11953 | D:9      | Reached XP level 10. HP: 28/74 MP: 17/17
 12341 | D:8      | Reached * piety under Okawaru
 12342 | D:8      | Reached skill level 5 in Spellcasting
 13063 | D:8      | HP: 3/80 [freezing wraith (9)]
 13915 | D:9      | Reached ** piety under Okawaru
 13965 | D:9      | Noticed a swamp dragon
 15343 | D:10     | Entered Level 10 of the Dungeon
 15567 | D:10     | Noticed a catoblepas
 16625 | D:10     | Reached *** piety under Okawaru
 16932 | D:10     | Killed an unseen horror
 17011 | D:10     | Found a staircase to the Lair.
 17021 | D:10     | Reached skill level 1 in Polearms
 17512 | D:10     | Noticed a +6 triple sword
 17512 | D:10     | Noticed an orc knight
 17697 | D:10     | Killed a catoblepas
 17728 | D:10     | Reached XP level 11. HP: 81/86 MP: 20/20
 17827 | D:10     | Noticed Urug
 17848 | D:10     | Killed an orc knight
 17849 | D:10     | Reached skill level 5 in Polearms
 17871 | D:10     | Killed Urug
 17871 | D:10     | Reached **** piety under Okawaru
 18009 | D:10     | Found a white marble altar of Elyvilon.
 18074 | D:10     | Noticed Joseph
 18084 | D:10     | Killed Joseph
 18257 | D:10     | Noticed Nergalle
 18276 | D:10     | Killed Nergalle
 18276 | D:10     | Reached ***** piety under Okawaru
 18277 | D:10     | Reached skill level 5 in Invocations
 18483 | D:11     | Noticed Harold
 18502 | D:11     | Killed Harold
 18633 | D:11     | Noticed a cyclops
 18653 | D:11     | Killed a cyclops
 19233 | D:11     | Noticed Sonja
 19245 | D:11     | Killed Sonja
 19245 | D:11     | Received a gift from Okawaru
 19973 | D:11     | Learned a level 4 spell: Summon Ice Beast
 19978 | D:11     | Learned a level 4 spell: Summon Lightning Spire
 20027 | Lair:1   | Entered Level 1 of the Lair of Beasts
 20068 | Lair:1   | Noticed Fannar
 20087 | Lair:1   | Killed Fannar
 20478 | Lair:1   | Reached XP level 12. HP: 92/92 MP: 21/21
 20503 | Lair:1   | Reached ****** piety under Okawaru
 20989 | Lair:1   | Reached skill level 10 in Polearms
 21002 | Lair:1   | Reached skill level 1 in Ice Magic
 21338 | Lair:1   | Identified the +6 dagger of Abepun {vamp, rPois Will+
                  | Dex+4}
 21395 | Lair:1   | Reached skill level 1 in Air Magic
 21778 | Lair:2   | Received a gift from Okawaru
 21779 | Lair:2   | Found the +5 scythe "Finisher" {speed, eviscerate}
 22532 | Lair:2   | Noticed a four-headed hydra
 22545 | Lair:2   | Killed a six-headed hydra
 22949 | Lair:2   | Noticed a seven-headed hydra
 22958 | Lair:2   | Killed a seven-headed hydra
 23638 | Lair:3   | Received a gift from Okawaru
 24087 | Lair:3   | Found a staircase to the Shoals.
 24958 | Lair:4   | Gained mutation: You can hop long distances. [Barachi
                  | growth]
 24958 | Lair:4   | Reached XP level 13. HP: 68/98 MP: 21/25
 25075 | Lair:4   | Found a hole to the Spider Nest.
 25474 | Lair:4   | Identified a scroll of acquirement
 25475 | Lair:4   | Acquired 364 gold pieces
 25826 | Lair:4   | Received a gift from Okawaru
 26793 | D:4      | Bought a scroll of enchant weapon for 90 gold pieces
 26793 | D:4      | Bought a scroll of enchant weapon for 90 gold pieces
 26793 | D:4      | Bought a scroll of silence for 90 gold pieces
 27476 | Lair:5   | Found a staircase to the Slime Pits.
 27476 | Lair:5   | Found a viscous altar of Jiyva.
 28051 | Lair:6   | Entered Level 6 of the Lair of Beasts
 28105 | Lair:6   | Received a gift from Okawaru
 29488 | Lair:6   | Identified the +1 cloak "Yfiur" {rN+ Str+2 Int-5 SInv}
                  | (Okawaru gifted it to you on level 6 of the Lair of Beasts)
 29488 | Lair:6   | Received a gift from Okawaru
 30184 | Lair:6   | Reached XP level 14. HP: 61/105 MP: 18/26
 31218 | D:12     | Found Inumises's General Store.
 31542 | D:12     | Found Meraguic's Book Shoppe.
 32182 | D:12     | Found a staircase to the Orcish Mines.
 32531 | D:12     | Found Fouxyrom's Jewellery Emporium.
 32659 | D:12     | Found Sutegag's Jewellery Boutique.
 32707 | D:12     | Found Ockon's Assorted Antiques.
 33075 | Orc:1    | Entered Level 1 of the Orcish Mines
 33122 | Orc:1    | Received a gift from Okawaru
 33767 | Orc:2    | Entered Level 2 of the Orcish Mines
 34347 | Orc:2    | Received a gift from Okawaru
 34626 | Orc:2    | Reached skill level 10 in Invocations
 34636 | Orc:2    | Found a staircase to the Elven Halls.
 35280 | Orc:2    | Found Moary's Distillery.
 35281 | Orc:2    | Found Sil Suu's Assorted Antiques.
 35281 | Orc:2    | Found Pezesesolia's Antique Weapon Boutique.
 35281 | Orc:2    | Found Luolo's Armour Shoppe.
 35355 | Orc:2    | Bought a potion of degeneration for 13 gold pieces
 35617 | Orc:1    | Noticed Snorg
 35624 | Orc:1    | Killed Snorg
 35624 | Orc:1    | Received a gift from Okawaru
 35966 | Orc:2    | Bought a glowing bardiche for 288 gold pieces
 36092 | D:13     | Found a gate to the Vaults.
 36480 | D:13     | Identified the ring of Pasmew {Will+ AC+4 Dex+6 Slay-3
                  | SInv}
 36624 | D:13     | HP: 4/109 [meliai/divine providence (13)]
 37069 | D:12     | Reached XP level 15. HP: 102/115 MP: 27/27
 37078 | D:13     | Reached skill level 10 in Fighting
 38908 | D:13     | Found Puymowiaq's Weapon Boutique.
 39444 | D:14     | Received a gift from Okawaru
 39464 | D:14     | Shot with an arrow by a centaur warrior

Illustrated notes

Levels and vault maps discovered:
D:1:      lightli_arrival_flooded_house, layout_basic,
          hellmonk_ecumenical_altar_run_dry
D:2:      layout_basic, basic_altar
D:3:      layout_loops_ring, serial_park_tiny_2
D:4:      minmay_angry_zag, layout_loops_ring, serial_shops, shop,
          serial_bayou_pond_c, uniq_edmund, uniq_menkaure, uniq_pikel,
          uniq_eustachio
D:5:      layout_cave_pods
D:6:      layout_loops_ring, uniq_crazy_yiuf_cottage
D:7:      layout_rooms, minmay_temple_entry_butterflies
D:8:      layout_basic, serial_shops, shop, interstate_on_off, uniq_gastronok
D:9:      minmay_opposing_rooms, layout_irregular_city
D:10:     layout_roguey, marbit_many_paths, due_lair_maze_entry_diamond,
          sword_in_stone, uniq_nergalle
D:11:     layout_irregular_city, uniq_harold, uniq_urug, uniq_sonja
D:12:     layout_layer_cave, orc_0_dummy, serial_shops,
          nicolae_shop_window_shopping, kennysheep_mini_moat,
          nicolae_shop_trees, shop_coins, nicolae_shop_overgrown_old_shop,
          minmay_crystal_room
D:13:     layout_stronghold, hangedman_vaults_entry_quadrant_bands,
          serial_shops, kennysheep_mini, hangedman_decor_push
D:14:     layout_rooms, serial_bayou_shore_a
Temple:   dpeg_three_leaves_temple
Lair:1:   layout_loops_ring, st_stairs_9, chequers_serial_rivers_micro_b,
          beast_lair_carwin_5, lemuel_fruit_fields, lemuel_fruit_fields,
          uniq_fannar
Lair:2:   layout_small_grid
Lair:3:   layout_gridlike, elwin_shoals_entry_rooms
Lair:4:   layout_long_grid, nicolae_spider_entry_tight_spaces, minivault_19,
          minmay_lair_oklob_chamber
Lair:5:   layout_gridlike, slime_altar_1
Lair:6:   gammafunk_lair_ancient_temple, layout_cave_pods,
          chequers_serial_rivers_micro_e, chequers_serial_rivers_marsh,
          serial_bayou_pond_c, grunt_megastairs_4
Orc:1:    layout_caves, mines2_david, uniq_snorg
Orc:2:    st_orc_ogre_mass, layout_caves, special_room, basic_altar

Skill      XL: |  1  2  3  4  5  6  7  8  9 10 11 12 13 14 15 |
---------------+----------------------------------------------+-----
Fighting       | 1 3 4 6 8 9 10 | 10.7
Summonings     | 5 6 9 10 12 13 14 | 14.0
Spellcasting   | 3 4 6 8 |  8.0
Stealth        | 2 3 4 |  4.0
Dodging        | 3 4 6 7 |  7.6
Evocations     | 2 4 |  4.0
Hexes          | 2 |  2.0
Invocations    | 1 4 6 8 10 | 10.0
Polearms       | 4 9 10 12 14 | 14.4
Ice Magic      | 4 |  4.0
Air Magic      | 4 |  4.0

Action                   |  1- 3 |  4- 6 |  7- 9 | 10-12 | 13-15 || total
-------------------------+-------+-------+-------+-------+-------++-------
Melee: Unarmed           |    11 |       |       |       |       ||    11
       Quarterstaff      |    63 |    30 |   134 |       |       ||   227
       Short sword       |       |    53 |    47 |       |       ||   100
       Dire flail        |       |       |   163 |   191 |       ||   354
       Halberd           |       |       |       |   350 |   388 ||   738
       Glaive            |       |       |       |       |   373 ||   373
Throw: Dart              |       |     1 |     8 |     9 |     3 ||    21
 Cast: Summon Small Mamm |    56 |     6 |     3 |       |       ||    65
       Call Imp          |    21 |    44 |    52 |    57 |       ||   174
       Call Canine Famil |       |     5 |    35 |    67 |    26 ||   133
       Summon Guardian G |       |       |     1 |     6 |       ||     7
       Summon Ice Beast  |       |       |       |    13 |   163 ||   176
       Summon Lightning  |       |       |       |     1 |    17 ||    18
Invok: Heroism           |       |       |       |     2 |     6 ||     8
       Finesse           |       |       |       |       |     1 ||     1
 Abil: Hop               |     1 |     1 |     2 |     8 |     4 ||    16
Evoke: Wand              |       |     1 |     4 |    17 |     2 ||    24
  Use: Scroll            |     3 |     4 |    15 |    10 |    10 ||    42
       Potion            |       |       |     1 |     3 |     6 ||    10
 Stab: Sleeping          |     2 |       |     4 |     1 |     1 ||     8
       Distracted        |       |     2 |     3 |     7 |    11 ||    23
       Paralysed         |       |       |       |    13 |       ||    13
Armor: Robe              |     4 |       |       |       |       ||     4
       Ring mail         |    52 |    49 |   153 |   321 |   367 ||   942
Dodge: Dodged            |    71 |    63 |   224 |   426 |   420 ||  1204

Table legend: (Time is in decaauts)
 A = Elapsed time spent in this place.
 B = Non-inter-level travel time spent in this place.
 C = Inter-level travel time spent in this place.
 D = Time resting spent in this place.
 E = Time spent auto-exploring this place.
 F = Levels seen in this place.
 G = Mean time per level.
                   A        B        C        D        E       F      G
               +--------+--------+--------+--------+--------+-----+--------+
         Total |  42823 |  40378 |   2445 |  13666 |  20842 |  23 | 1861.9 |
       Dungeon |  27943 |  26373 |   1570 |   9187 |  13538 |  14 | 1995.9 |
        Temple |    128 |     91 |     37 |      0 |     90 |   1 |  128.0 |
          Lair |  11637 |  10990 |    647 |   3521 |   5851 |   6 | 1939.5 |
  Orcish Mines |   3114 |   2924 |    190 |    957 |   1362 |   2 | 1557.0 |
               +--------+--------+--------+--------+--------+-----+--------+

Top non-repeatable levels by time:
     D:9: 3481 daAuts
     D:8: 3367 daAuts
    D:12: 2776 daAuts
    D:13: 2705 daAuts
    D:10: 2643 daAuts
  Lair:6: 2411 daAuts
     D:4: 2158 daAuts
  Lair:3: 2041 daAuts
  Lair:1: 1970 daAuts
     D:1: 1861 daAuts
    D:11: 1842 daAuts
  Lair:5: 1832 daAuts
   Orc:2: 1827 daAuts
     D:6: 1784 daAuts
  Lair:2: 1757 daAuts
